 Dungeon Crawl Stone Soup version 0.13.1-27-ga479965 (webtiles) character file.

104 Chiseanne the Insei (level 3, -2/26 HPs)
             Began as a Demonspawn Transmuter on Jan 28, 2014.
             Killed by nerve-wracking pain
             ... invoked by Jessica
              (5 damage)
             ... on Level 2 of the Dungeon.
             The game lasted 00:04:27 (1477 turns).

Chiseanne the Insei (Demonspawn Transmuter)         Turns: 1477, Time: 00:04:28

HP  -2/26        AC  6     Str 10      XL: 3   Next: 28%
MP   3/4         EV 12     Int 15      God:
Gold 65          SH  0     Dex 13      Spells:  1 memorised,  5 levels left

Res.Fire  : . . .   See Invis. : .   h - -1,-2 hand axe (curse)
Res.Cold  : . . .   Warding    : .   c - +0 robe
Life Prot.: . . .   Conserve   : .   (no shield)
Res.Poison: .       Res.Corr.  : .   (helmet restricted)
Res.Elec. : .       Clarity    : .   (no cloak)
Sust.Abil.: . .     Spirit.Shd : .   (no gloves)
Res.Mut.  : .       Stasis     : .   (no boots)
Res.Rott. : .       Flight     : .   (no amulet)
Saprovore : . . .                    (no ring)
                                     g - ring of regeneration

@: appendage (expiring), slowed, very slow, not resistant to hostile
enchantments, unstealthy
A: horns 2, talons 1, AC +4
a: End Transformation


You were on level 2 of the Dungeon.
You were hungry.
You had grown temporary horns.
You visited 1 branch of the dungeon, and saw 2 of its levels.

You collected 45 gold pieces.

Inventory:

Hand weapons
 h - a cursed -1,-2 hand axe (weapon)
 k - a +0,+0 sabre
Missiles
 b - 12 arrows
 f - 8 darts (quivered)
Armour
 c - a +0 robe (worn)
 i - a +2 elven robe
Comestibles
 a - 3 bread rations
 l - a meat ration
Jewellery
 g - a ring of regeneration (left hand)
Potions
 e - a potion of heal wounds
 j - a potion of cure mutation {unknown}
Books
 d - a book of Changes

   Spells                             Type                      Level
   *Beastly Appendage                 Transmutation                1
   Sticks to Snakes                   Transmutation                2
   Spider Form                        Transmutation/Poison         3
   Ice Form                           Ice/Transmutation            4
   Blade Hands                        Transmutation                5


   Skills:
 * Level 1.5 Fighting
 * Level 2.2 Dodging
 * Level 2.8 Unarmed Combat
 * Level 2.3 Spellcasting
 * Level 2.2 Transmutations


You had 5 spell levels left.
You knew the following spells:

 Your Spells              Type           Power        Failure   Level  Hunger
a - Beastly Appendage     Trmt           #.....       12%         1    #......


Dungeon Overview and Level Annotations

Branches:
Dungeon (2/27)

Altars:

Annotations:
D:2 Jessica


Innate Abilities, Weirdness & Mutations

You have sharp toenails.
You are partially covered in iridescent scales (AC +4).
You have a pair of horns on your head.


Message History

Jessica casts a spell.
Jessica blinks!
Jessica hits you with a dagger. Jessica casts a spell at you.
You feel as though you will be slow longer.
You see here a dart.
You hit Jessica but do no damage.
Jessica is severely wounded.
Your transformation is almost over.
Jessica hits you with a dagger.
* * * LOW HITPOINT WARNING * * *
Jessica barely misses you.
You closely miss Jessica. Your kick misses Jessica.
Jessica is severely wounded.
Jessica gestures at you while chanting. Pain shoots through your body!
* * * LOW HITPOINT WARNING * * *
Jessica points at you and mumbles some strange words.
Pain shoots through your body!
You die...

... .. ... ..#
(.##+#.(#
#.......#
####(......#
......(...#
#.....#.##
#.(@..+.. #.
#.###..@..#.#
.#.
#.........#.####
#...
######.........#
.#...
#.......#.#
.$... ##......#
#... #......# .
#. #......# #. #
#......+ ..
......


You could see Jessica.

Vanquished Creatures
  An adder (D:1)
  A giant gecko (D:1)
  A giant cockroach (D:1)
  2 goblins (D:1)
  4 hobgoblins (D:1)
  6 kobolds (D:1)
  2 ball pythons (D:1)
  6 bats
  A giant newt (D:1)
  3 rats (D:1)
27 creatures vanquished.

Notes
Turn   | Place    | Note
--------------------------------------------------------------
     0 | D:1      | Chiseanne, the Demonspawn Transmuter, began the quest for the Orb.
     0 | D:1      | Reached XP level 1. HP: 15/15 MP: 1/1
   606 | D:1      | Reached XP level 2. HP: 19/21 MP: 0/3
  1133 | D:1      | Gained mutation: You are partially covered in iridescent scales (AC +4). [demonic ancestry]
  1133 | D:1      | Reached XP level 3. HP: 12/26 MP: 2/4
  1428 | D:2      | Noticed Jessica
  1477 | D:2      | Killed from afar by Jessica

Action                   || total
-------------------------++-------
Melee: Unarmed           ||    49
       Hand axe          ||    58
Throw: Dart              ||    10
 Cast: Beastly Appendage ||    22
  Use: Scroll            ||     3
       Potion            ||     1
